 Dungeon Crawl Stone Soup version 0.15.2 (webtiles) character file.

1643 Hodglim the Thaumaturge (level 8, -7/46 HPs)
             Began as a High Elf Wizard on Jan 30, 2015.
             Killed from afar by Tutankham's ghost (21 damage)
             ... with a spray of energy
             ... on Level 6 of the Dungeon.
             The game lasted 00:49:43 (7435 turns).

Hodglim the Thaumaturge (High Elf Wizard)           Turns: 7435, Time: 00:49:43

HP  -7/46        AC  7     Str  6      XL: 8   Next: 67%
MP  27/27        EV 11     Int 23      God:
Gold 289         SH  0     Dex 15      Spells:  8 memorised,  8 levels left

rFire  . . .     SeeInvis .     y - +1 falchion
rCold  . . .     Clarity  .     r - +2 robe {Archmagi}
rNeg   . . .     rCorr    .     (no shield)
rPois  .         rRot     .     b - +0 hat
rElec  .         Spirit   .     n - +1 cloak
SustAb .         Warding  .     j - +0 pair of gloves
rMut   .         Stasis   .     (no boots)
Gourm  .                        (no amulet)
MR     .....                    (no ring)
                                (no ring)

@: confused, glowing, heavily drained, not resistant to hostile enchantments,
very unstealthy
A: no striking features
a: no special abilities


You were on level 6 of the Dungeon.
You were not hungry.

You visited 1 branch of the dungeon, and saw 6 of its levels.
You also visited: Sewer.

You collected 289 gold pieces.

Inventory:

Hand weapons
 i - a +0 short sword
 w - a +1 vampiric dagger
 y - a +1 falchion (weapon)
Armour
 b - a +0 hat (worn)
 j - a +0 pair of gloves (worn)
 n - a +1 cloak (worn)
 r - a +2 robe of the Archmagi (worn)
Magical devices
 e - a wand of magic darts (22) {unknown}
Comestibles
 d - 3 bread rations
 g - 3 fruits
 q - 5 meat rations
 C - 3 beef jerkies
 E - a chunk of ogre flesh
Scrolls
 a - 3 scrolls of enchant armour
 f - a scroll of silence {unknown}
 h - a scroll of teleportation
 k - 4 scrolls of remove curse
 u - a scroll of recharging
 v - a scroll of holy word {unknown}
 z - 2 scrolls of identify {unknown}
 B - a scroll of magic mapping {unknown}
 F - a scroll of fog {unknown}
Jewellery
 x - an uncursed ring of see invisible {unknown}
 A - an uncursed ring of invisibility {unknown}
Potions
 m - 2 potions of agility {unknown}
 o - 2 potions of curing {unknown}
 p - a potion of magic {unknown}
 s - 2 potions of heal wounds {unknown}
 t - 2 potions of flight {unknown}
 D - a potion of brilliance {unknown}
Books
 c - a book of Minor Magic

   Spells                             Type                      Level
   *Magic Dart                        Conjuration                  1
   *Blink                             Translocation                2
   *Call Imp                          Summoning                    2
   *Repel Missiles                    Charms/Air                   2
   *Slow                              Hexes                        2
   *Conjure Flame                     Conjuration/Fire             3
   *Mephitic Cloud                    Conjuration/Poison/Air       3
 l - a book of Conjurations

   Spells                             Type                      Level
   *Magic Dart                        Conjuration                  1
   *Searing Ray                       Conjuration                  2
   Dazzling Spray                     Conjuration/Hexes            3
   Fulminant Prism                    Conjuration/Hexes            4
   Iskenderun's Mystic Blast          Conjuration                  4
   Iskenderun's Battlesphere          Conjuration/Charms           5


   Skills:
 - Level 2.1(0.0) Dodging
 - Level 2.1(0.0) Stealth
 + Level 9.4(6.4) Spellcasting
 + Level 8.5(5.5) Conjurations
 - Level 0.8(0.0) Summonings
 - Level 1.1(0.0) Translocations


You had 8 spell levels left.
You knew the following spells:

 Your Spells              Type           Power        Failure   Level  Hunger
a - Magic Dart            Conj           ####         1%          1    None
b - Call Imp              Summ           ##......     14%         2    None
c - Blink                 Tloc           N/A          14%         2    None
d - Repel Missiles        Chrm/Air       ##....       14%         2    None
e - Mephitic Cloud        Conj/Pois/Air  ###.....     14%         3    #......
f - Searing Ray           Conj           #####.       1%          2    None
g - Conjure Flame         Conj/Fire      ####....     10%         3    #......
h - Slow                  Hex            ##......     14%         2    None


Dungeon Overview and Level Annotations

Branches:
Dungeon (6/15)
 Temple: D:4-7

Altars:
Kikubaaqudgha
Okawaru

Annotations:
D:6 Tutankham's ghost, experienced SpEn


Message History

Tutankham's ghost gestures at you while chanting.
You are more confused.
Ouch!
Tutankham's ghost gestures at you while chanting.
You fall asleep.
Tutankham's ghost hits you.
You wake up.
You feel drained.
Unknown command.
Ouch! Tutankham's ghost misses you. Tutankham's ghost hits you.
* * * LOW HITPOINT WARNING * * *
You feel drained.
A gnoll comes into view.
The gnoll shouts!
Tutankham's ghost gestures at you while chanting.
You are more confused.
You miss Tutankham's ghost.
Tutankham's ghost hits you but does no damage.
You feel drained.
Tutankham's ghost gestures at you while chanting.
The spray of energy hits you!
You die...

#.# ###### #.#
#....###.#
###.......#
#........##
#####
######..%#
.g.. ##..###
##.. ##
##...####.##
..#
#...<.@W..#
#.#
########..#
#..# ### ##.#
##..# ...#
#.###..# #..#
##..#..# #.##
##.....##
#..###..###..#
#....W.# ##.#
## ##.....##
#.#


You could see Tutankham's ghost and a gnoll.

Vanquished Creatures
  Prince Ribbit (D:5)
  Eustachio (D:6)
  An ice beast (D:5)
  2 ogres (D:6)
  2 phantoms
  A necrophage (D:6)
  Blork the orc (D:5)
  A jelly (D:6)
  A big kobold (Sewer)
  2 scorpions
  A goliath beetle (D:6)
  A centaur zombie (D:6)
  Crazy Yiuf (D:5)
  4 worker ants
  Ijyb (D:4)
  2 orc zombies
  8 gnolls
  2 adders
  A green rat (Sewer)
  3 worms
  3 giant mites
  A goliath beetle zombie (D:6)
  2 shadow imps
  An adder skeleton (D:4)
  5 giant geckos
  An ooze (D:2)
  4 orcs
  A ball python (D:6)
  2 giant cockroaches (D:3)
  12 goblins
  10 hobgoblins
  12 jackals
  21 kobolds
  5 quokkas
  13 bats
  2 giant newts
  20 rats
  A rat skeleton (D:4)
  A rat zombie (D:6)
154 creatures vanquished.

Notes
Turn   | Place    | Note
--------------------------------------------------------------
     0 | D:1      | Hodglim, the High Elf Wizard, began the quest for the Orb.
     0 | D:1      | Reached XP level 1. HP: 11/11 MP: 5/5
   314 | D:1      | Reached XP level 2. HP: 17/17 MP: 5/7
   357 | D:1      | Learned a level 2 spell: Call Imp
   360 | D:1      | Learned a level 2 spell: Blink
   466 | D:1      | Reached skill level 4 in Spellcasting
   883 | D:1      | Reached XP level 3. HP: 14/21 MP: 0/11
  1310 | D:1      | Learned a level 2 spell: Repel Missiles
  1314 | D:1      | Learned a level 3 spell: Mephitic Cloud
  2027 | D:2      | Reached XP level 4. HP: 27/27 MP: 7/15
  2264 | D:2      | Learned a level 2 spell: Searing Ray
  2563 | D:3      | Reached skill level 5 in Spellcasting
  2655 | D:3      | Found an ancient bone altar of Kikubaaqudgha.
  2873 | D:3      | Found a glowing drain.
  2876 | D:3      | Reached XP level 5. HP: 31/31 MP: 11/18
  2922 | Sewer    | Entered a sewer
  3103 | Sewer    | Found a white marble altar of Elyvilon.
  3771 | D:4      | Noticed Ijyb
  3869 | D:4      | Reached skill level 6 in Spellcasting
  4155 | D:4      | Noticed a phantom
  4158 | D:4      | Reached XP level 6. HP: 36/36 MP: 12/21
  4171 | D:4      | Killed a phantom
  4488 | D:4      | Reached skill level 5 in Conjurations
  4622 | D:4      | Killed Ijyb
  4766 | D:4      | Learned a level 3 spell: Conjure Flame
  4769 | D:4      | Learned a level 2 spell: Slow
  4797 | D:5      | Entered Level 5 of the Dungeon
  5006 | D:5      | Noticed Prince Ribbit
  5022 | D:5      | Killed Prince Ribbit
  5022 | D:5      | Reached skill level 7 in Spellcasting
  5022 | D:5      | Reached XP level 7. HP: 31/41 MP: 6/24
  5261 | D:5      | Noticed Blork the orc
  5270 | D:5      | Killed Blork the orc
  5418 | D:5      | Found an iron altar of Okawaru.
  5690 | D:5      | Noticed Crazy Yiuf
  5705 | D:5      | Killed Crazy Yiuf
  5903 | D:6      | Noticed Tutankham's ghost (experienced SpEn)
  5905 | D:6      | Reached skill level 8 in Spellcasting
  6313 | D:6      | Reached XP level 8. HP: 19/46 MP: 17/26
  6622 | D:6      | Noticed Eustachio
  6637 | D:6      | Killed Eustachio
  6637 | D:6      | Reached skill level 9 in Spellcasting
  7435 | D:6      | Killed from afar by Tutankham's ghost

Action                   |  1- 3 |  4- 6 |  7- 9 || total
-------------------------+-------+-------+-------++-------
Melee: Short sword       |     5 |     6 |       ||    11
       Dagger            |     2 |       |       ||     2
       Falchion          |       |       |     9 ||     9
 Cast: Magic Dart        |    85 |   153 |   118 ||   356
       Mephitic Cloud    |     2 |     2 |     4 ||     8
       Blink             |     1 |       |     4 ||     5
       Searing Ray       |       |    11 |    15 ||    26
       Repel Missiles    |       |     2 |       ||     2
  Use: Scroll            |       |     9 |       ||     9
  Eat: Chunk             |     3 |     9 |     8 ||    20
